AoeStats
← adilustaoglu

Arena

510428861Analyzed
1v1 RM · 2d ago on Oct 1, 2026· 62m 8s· 2 players
Game mode
Random Map
Map size
Tiny (2 player)
Population
200
Speed
Normal
Resources
Standard
Victory
Conquest
Starting age
Dark Age
Ending age
Imperial Age
RankedLock teamsTeams togetherTeam positionsShared explorationLock speedFull tech treeHidden civsTurbo modeCheats
Victory
Defeat
🇦🇷 Inca · Argentina
581
+14
🇹🇷 Khmer · Türkiye
543
-14
adilustaoglu
9:58 Loom
11:43 Feudal Age
16:37 Castle Age
21:26 Crossbowman
24:16 Fortified Wall
24:02 Murder Holes
24:28 Double-Bit Axe
28:40 Elite Skirmisher
30:43 Padded Archer Armor
30:34 Fletching
30:40 Guard Tower
34:15 Wheelbarrow
33:27 Town Watch
38:25 Imperial Age
36:50 Town Patrol
37:11 Bow Saw
38:35 Bloodlines
38:26 Husbandry
37:48 Light Cavalry
38:54 Hand Cart
41:00 Keep
43:59 Ballistics
45:29 Hoardings
47:08 Masonry
47:04 Siege Engineers
52:09 Bodkin Arrow
59:02 Architecture
archy2020
0:51 Loom
11:56 Feudal Age
12:29 Horse Collar
12:35 Double-Bit Axe
12:17 Champi Runner
12:42 Arson
20:52 Fletching
21:13 Forging
21:03 Scale Mail Armor
23:07 Castle Age
20:53 Town Watch
21:52 Padded Archer Armor
23:05 Wheelbarrow
23:22 Stone Mining
23:22 Gold Mining
24:05 Bow Saw
23:56 Heavy Plow
27:26 Treadmill Crane
27:42 Murder Holes
28:31 Champi Warrior
29:11 Squires
30:26 Town Watch
31:52 Heavy Plow
32:27 Gold Shaft Mining
33:02 Gold Shaft Mining
33:28 Chain Mail Armor
34:33 Bodkin Arrow
35:13 Iron Casting
36:04 Iron Casting
37:14 Stone Shaft Mining
36:59 Leather Archer Armor
37:02 Masonry
37:55 Hand Cart
38:28 Town Patrol
43:06 Imperial Age
43:31 Andean Sling
44:26 Conscription
43:31 Pikeman
45:18 Elite Champi Warrior
51:16 Plate Mail Armor
52:25 Halberdier
Connection lost

Rejoining the realm…

Still unreachable

The connection could not be restored.

Session expired

The server has moved on; the page needs a fresh start.